 Dungeon Crawl Stone Soup version 0.29-a0-1019-g84f7d21838 (webtiles) character file.

Game seed: 2077036943945353567

8741 MayBe the Protected (level 11, -4/153 HPs)
             Began as a Minotaur Fighter on Aug 10, 2022.
             Was a Priest of Trog.
             Slain by an 11-headed hydra (8 damage)
             ... on level 9 of the Dungeon.
             The game lasted 01:11:20 (8898 turns).

MayBe the Protected (Minotaur Fighter)              Turns: 8898, Time: 01:11:24

Health: -4/153     AC: 24    Str: 24    XL:     11   Next: 13%
Magic:  10/10      EV:  8    Int:  5    God:    Trog [***...]
Gold:   631        SH:  6    Dex: 11    Spells: 10/10 levels left

rFire   + . .      SeeInvis .   a - +0 war axe
rCold   + . .      Faith    .   c - +0 buckler
rNeg    . . .      Spirit   .   p - +6 plate armour of Youthful Indiscretion {rF++ Regen+}
rPois   .          Reflect  .   (helmet restricted)
rElec   .          Harm     .   (no cloak)
rCorr   .          Rampage  .   l - +1 pair of gloves
Will    .....                   (no boots)
Stlth   ..........              (no amulet)
HPRegen 1.15/turn               I - ring of ice
MPRegen 0.12/turn               (no ring)

@: berserking (expiring), very quick
A: horns 2, retaliatory headbutt
a: Renounce Religion, Berserk, Trog's Hand


You were on level 9 of the Dungeon.
You worshipped Trog.
Trog was most pleased with you.
You visited 2 branches of the dungeon, and saw 10 of its levels.
You also visited: Sewer.

You collected 631 gold pieces.

Inventory:

Hand Weapons
 a - a +0 war axe (weapon)
 F - a +0 glaive
 H - a +2 whip of flaming
 L - a +2 scythe of protection
 O - a +2 dire flail of draining
 R - a +0 falchion of flaming
Armour
 b - a +0 scale mail
 c - a +0 buckler (worn)
 l - a +1 pair of gloves (worn)
 m - a +0 chain mail
 p - the +6 plate armour of Youthful Indiscretion (worn) {rF++ Regen+}
   (You found it on level 2 of the Dungeon)

   rF:        It greatly protects you from fire.
   Regen:     It increases your rate of health regeneration.
 y - a +0 helmet
Jewellery
 I - a ring of ice (left hand)
Wands
 v - a wand of polymorph (6)
 G - a wand of flame (58)
 M - a wand of charming (15)
 N - a wand of mindburst (12)
Scrolls
 e - 9 scrolls of identify {unknown}
 j - 3 scrolls of teleportation {unknown}
 n - a scroll of fear {unknown}
 q - 2 scrolls of amnesia {unknown}
 s - 2 scrolls of enchant armour {unknown}
 t - a scroll of noise {unknown}
 A - 3 scrolls of summoning {unknown}
 B - 3 scrolls of immolation {unknown}
 D - 3 scrolls of magic mapping {unknown}
 E - 2 scrolls of fog {unknown}
 P - a scroll of enchant weapon {unknown}
 Q - a scroll of vulnerability {unknown}
Potions
 d - 7 potions of might
 f - 2 potions of brilliance {unknown}
 g - 3 potions of flight {unknown}
 h - 2 potions of heal wounds {unknown}
 i - 2 potions of cancellation {unknown}
 k - 6 potions of curing {unknown}
 o - 2 potions of degeneration {unknown}
 r - 2 potions of invisibility {unknown}
 u - 3 potions of haste {unknown}
 w - a potion of magic {unknown}
 x - 2 potions of lignification {unknown}
 z - 3 potions of ambrosia {unknown}
 C - 2 potions of experience {unknown}
 J - a potion of attraction {unknown}
 K - a potion of mutation {unknown}


   Skills:
 + Level 11.5 Fighting
 - Level 8.0 Axes
 + Level 12.8 Armour
 + Level 3.0 Dodging
 + Level 1.1 Stealth
 + Level 9.9 Shields
 + Level 0.8 Evocations


You had 10 spell levels left.
You didn't know any spells.
Your spell library contained the following spells:

 Spells                   Type           Power      Damage    Failure   Level
 Apportation              Tloc           0%         N/A       99%         1
 Necrotise                Necr           0%         1d4       99%         1
 Slow                     Hex            0%         N/A       99%         1
 Sting                    Tmut/Pois      0%         1d3       99%         1
 Summon Small Mammal      Summ           0%         N/A       99%         1
 Poisonous Vapours        Pois/Air       0%         N/A       100%        2
 Confusing Touch          Hex            0%         N/A       100%        3
 Gell's Gravitas          Tloc           0%         N/A       100%        3
 Lesser Beckoning         Tloc           0%         N/A       100%        3
 Teleport Other           Tloc           0%         N/A       100%        3
 Vampiric Draining        Necr           0%         2d6       100%        3
 Olgreb's Toxic Radiance  Pois           0%         N/A       100%        4


Dungeon Overview and Level Annotations

Branches:
Dungeon (9/15)             Temple (1/1) D:6           Sewer (visited)
   Lair: D:8-11         Orc: D:9-12

Altars:
Ashenzari
Cheibriados
Dithmenos
Elyvilon
Fedhas
Gozag
Hepliaklqana
Kikubaaqudgha
Makhleb
Nemelex Xobeh
Okawaru
Qazlal
Ru
Sif Muna
Trog
Uskayaw
Vehumet
Wu Jian
Xom
Yredelemnul
Zin
The Shining One


Innate Abilities, Weirdness & Mutations

You have a pair of horns on your head.
You reflexively headbutt those who attack you in melee.


Message History

You chop one of the nine-headed hydra's heads off!
The eight-headed hydra grows two more!
You slice the ten-headed hydra!!
Your headbutt misses the ten-headed hydra.
The ten-headed hydra is severely wounded.
The ten-headed hydra bites you but does no damage.
The ten-headed hydra bites you.
* * * LOW HITPOINT WARNING * * *
You block the ten-headed hydra's attack.
The ten-headed hydra barely misses you.
The ten-headed hydra bites you but does no damage.
The ten-headed hydra bites you!
* * * LOW HITPOINT WARNING * * *
The ten-headed hydra bites you but does no damage. x2
The ten-headed hydra bites you.
* * * LOW HITPOINT WARNING * * *
The ten-headed hydra closely misses you.
You hit the ten-headed hydra.
The ten-headed hydra is severely wounded.
The ten-headed hydra bites you but does no damage. x3
The ten-headed hydra barely misses you. x2; The ten-headed hydra bites you!
* * * LOW HITPOINT WARNING * * *
The ten-headed hydra bites you but does no damage.
You block the ten-headed hydra's attack.
The ten-headed hydra bites you.
* * * LOW HITPOINT WARNING * * *
The ten-headed hydra bites you.
* * * LOW HITPOINT WARNING * * *
Unknown command.
You lop one of the ten-headed hydra's heads off!
The nine-headed hydra grows two more!
You slash the 11-headed hydra! You headbutt the 11-headed hydra!
The 11-headed hydra is almost dead.
You feel a strong urge to attack something.
The 11-headed hydra bites you but does no damage. x2
The 11-headed hydra bites you.
* * * LOW HITPOINT WARNING * * *
The 11-headed hydra closely misses you.
The 11-headed hydra bites you but does no damage. x3
The 11-headed hydra bites you!
You die...

#####.##............###...
#.....#######.............
#.###.# #......##.....
#.###########......##.#.##
#.#PP~P.+).##......##.#.##
#.#P~~~~#..#######........
#.#~.~~P##K# ####.####
#.#.....#.D# #.#
#.).♣.♣.'@.# #######.#
###~.♣..'..####.......#
#.♣.♣.'..#..#.#######
#.....#..#..#.#
##########..#.# #....#
######


You could see a 11-headed hydra and a kobold brigand.

Vanquished Creatures
  2 two-headed ogres
  The ghost of spaghetti the Ducker, a novice DECK of Xom (D:7)
  Pikel (D:5)
  Grinder (D:5)
  A hornet (D:8)
  2 dream sheep (D:9)
  Prince Ribbit (D:7)
  Sigmund (D:6)
  2 steam dragons (D:8)
  The ghost of kd29 the Changer, an amateur OpTm (D:4)
  Duvessa (D:7)
  A water moccasin (D:7)
  5 orc warriors
  3 ice beasts
  2 sky beasts
  3 black bears (D:5)
  5 ogres
  A phantom (D:6)
  4 centaurs
  Blork the orc (D:5)
  4 kobold brigands
  2 necrophages (D:8)
  10 bullfrogs
  A gnoll sergeant (D:8)
  6 scorpions
  Dowan (D:7)
  9 killer bees
  2 howler monkeys (D:8)
  A jelly (D:2)
  7 orc priests
  3 hounds (D:7)
  A gnoll bouda (D:8)
  Jessica (D:3)
  6 orc wizards
  23 adders
  A gnoll (D:1)
  4 river rats (Sewer)
  2 white imps
  2 ufetubi
  A worm (D:2)
  28 orcs
  6 bats
  12 endoplasms
  6 giant cockroaches
  6 goblins
  6 hobgoblins
  3 jackals (D:1)
  5 quokkas
  24 ball pythons
  4 frilled lizards
  15 kobolds
  31 rats
272 creatures vanquished.

Vanquished Creatures (others)
  5 plants
5 creatures vanquished.

Grand Total: 277 creatures vanquished

Notes
Turn   | Place    | Note
-------+----------+-------------------------------------------
     0 | D:1      | MayBe the Minotaur Fighter began the quest for the Orb.
     0 | D:1      | Reached XP level 1. HP: 19/19 MP: 0/0
   146 | D:1      | Reached XP level 2. HP: 18/27 MP: 1/1
   341 | D:1      | Reached skill level 4 in Armour
   723 | D:1      | Reached XP level 3. HP: 33/33 MP: 2/2
  1210 | D:2      | Reached XP level 4. HP: 40/41 MP: 3/3
  1732 | D:2      | Identified the +6 plate armour of Youthful Indiscretion
                  | {rF++ Regen+}
  1803 | D:2      | Reached skill level 1 in Dodging
  2085 | D:3      | Reached XP level 5. HP: 47/47 MP: 4/4
  2714 | D:3      | Noticed Jessica
  2718 | D:3      | Killed Jessica
  2900 | D:4      | Noticed a centaur
  2902 | D:4      | Noticed kd29's ghost (amateur OpTm)
  2916 | D:4      | Noticed an ogre
  2925 | D:4      | Killed an ogre
  2926 | D:4      | Reached skill level 5 in Axes
  2926 | D:4      | Reached skill level 5 in Armour
  2926 | D:4      | Reached XP level 6. HP: 46/53 MP: 5/5
  2934 | D:4      | Found a transporter.
  3095 | D:4      | Found a glowing drain.
  3256 | D:4      | Found a transporter.
  3474 | Sewer    | Entered a sewer
  3577 | Sewer    | Reached XP level 7. HP: 60/60 MP: 6/6
  3759 | Sewer    | Reached skill level 5 in Fighting
  4389 | D:5      | Entered Level 5 of the Dungeon
  4396 | D:5      | Reached skill level 6 in Armour
  4478 | D:5      | Noticed Blork the orc
  4487 | D:5      | Reached XP level 8. HP: 58/70 MP: 7/7
  4495 | D:5      | Killed Blork the orc
  4496 | D:5      | Reached skill level 1 in Stealth
  4548 | D:5      | Found a blossoming altar of Fedhas.
  4548 | D:5      | Found a bloodstained altar of Trog.
  4599 | D:5      | Reached skill level 7 in Armour
  4643 | D:5      | Became a worshipper of Trog the Wrathful
  4649 | D:5      | Noticed Pikel
  4661 | D:5      | Killed Pikel
  4662 | D:5      | Reached skill level 8 in Armour
  4662 | D:5      | Reached skill level 5 in Shields
  4715 | D:5      | Noticed Grinder
  4727 | D:5      | Killed Grinder
  4728 | D:5      | Reached skill level 9 in Armour
  4728 | D:5      | Reached XP level 9. HP: 79/79 MP: 8/8
  5282 | D:4      | Killed kd29's ghost
  5351 | D:6      | Found a staircase to the Ecumenical Temple.
  5389 | D:6      | Reached * piety under Trog
  5493 | D:6      | Noticed Sigmund
  5507 | D:6      | Reached skill level 10 in Armour
  5516 | D:6      | Killed Sigmund
  6069 | Temple   | Entered the Ecumenical Temple
  6223 | D:7      | Found an ancient bone altar of Kikubaaqudgha.
  6367 | D:7      | Noticed Dowan
  6367 | D:7      | Noticed Duvessa
  6378 | D:7      | Killed Dowan
  6382 | D:7      | Killed Duvessa
  6518 | D:7      | Reached XP level 10. HP: 91/91 MP: 9/9
  6551 | D:7      | Reached ** piety under Trog
  6552 | D:7      | Reached skill level 11 in Armour
  6553 | D:7      | Found a large runed translucent door.
  6553 | D:7      | Found a large runed translucent door.
  6559 | D:7      | Noticed spaghetti's ghost (novice DECK)
  6606 | D:7      | Killed spaghetti's ghost
  6750 | D:7      | Noticed Prince Ribbit
  6754 | D:7      | Killed Prince Ribbit
  7101 | D:8      | Reached skill level 10 in Fighting
  7599 | D:8      | Reached skill level 12 in Armour
  7600 | D:8      | Noticed a two-headed ogre
  7613 | D:8      | Killed a two-headed ogre
  8213 | D:9      | Reached *** piety under Trog
  8613 | D:9      | Noticed a two-headed ogre
  8625 | D:9      | Killed a two-headed ogre
  8626 | D:9      | Reached XP level 11. HP: 62/102 MP: 10/10
  8876 | D:9      | Noticed a two-headed hydra
  8895 | D:9      | HP: 6/153 [ten-headed hydra (8)]
  8898 | D:9      | Slain by an 11-headed hydra

Illustrated notes

Levels and vault maps discovered:
D:1:      dpeg_arrival_water_temple_mockup, layout_loops_ring, serial_forest,
          infiniplex_forest_clump_C, infiniplex_forest_straight_2,
          infiniplex_forest_lined_3, infiniplex_forest_straight_1,
          infiniplex_forest_lined_2, infiniplex_forest_zigzag_1
D:2:      minmay_evil_eye, layout_basic
D:3:      cheibrodos_helix_gallery, layout_rooms, uniq_jessica
D:4:      layout_basic, gammafunk_ghost_arena, gup_sewer_entry_glass
D:5:      layout_layer_cave, jmf_multi_god_temple, uniq_grinder, uniq_pikel,
          uniq_blork_the_orc
D:6:      layout_cave_pools, minmay_temple_entry_stoned_glass, uniq_sigmund
D:7:      layout_basic, old_standard_altar, ebering_ghost_disaster_area,
          uniq_duvessa, uniq_prince_ribbit1
D:8:      minmay_recursive_quarters, layout_basic
D:9:      layout_loops_cross, minmay_orc_entry_guard_dogs, hangedman_ranch
Temple:   hellmonk_temple_of_storms

Skill      XL: |  1  2  3  4  5  6  7  8  9 10 11 |
---------------+----------------------------------+-----
Armour         | 4 5 6 9 10 12 | 12.8
Shields        | 4 5 7 9 |  9.9
Fighting       | 4 5 7 9 11 | 11.5
Axes           | 3 4 5 6 8 |  8.0
Dodging        | 1 2 3 |  3.0
Stealth        | 1 |  1.1
Evocations     | |  0.8

Action                   |  1- 3 |  4- 6 |  7- 9 | 10-12 || total
-------------------------+-------+-------+-------+-------++-------
Melee: War axe           |    72 |   185 |   301 |   270 ||   828
       Headbutt          |     9 |    16 |    44 |    54 ||   123
Invok: Berserk           |       |       |       |     1 ||     1
Evoke: Wand              |       |       |     4 |       ||     4
Armor: Scale mail        |    41 |     5 |       |       ||    46
       Chain mail        |       |    25 |       |       ||    25
       Plate armour      |       |    96 |   356 |   215 ||   667
Dodge: Dodged            |    32 |    55 |   100 |   121 ||   308
Block: Buckler           |    14 |    30 |    92 |    99 ||   235

Table legend: (Time is in decaauts)
 A = Elapsed time spent in this place.
 B = Non-inter-level travel time spent in this place.
 C = Inter-level travel time spent in this place.
 D = Time resting spent in this place.
 E = Time spent auto-exploring this place.
 F = Levels seen in this place.
 G = Mean time per level.
                   A        B        C        D        E       F      G
               +--------+--------+--------+--------+--------+-----+--------+
         Total |   9131 |   8712 |    419 |    945 |      0 |  11 |  830.1 |
       Dungeon |   8526 |   8107 |    419 |    912 |      0 |   9 |  947.3 |
        Temple |     85 |     85 |      0 |      0 |      0 |   1 |   85.0 |
         Sewer |    518 |    518 |      0 |     33 |      0 |   1 |  518.0 |
               +--------+--------+--------+--------+--------+-----+--------+

Top non-repeatable levels by time:
     D:4: 1275 daAuts
     D:8: 1116 daAuts
     D:2: 1104 daAuts
     D:1: 1021 daAuts
     D:7: 923 daAuts
     D:5: 868 daAuts
     D:6: 742 daAuts
     D:3: 740 daAuts
     D:9: 733 daAuts
   Sewer: 518 daAuts
  Temple: 85 daAuts
